 Dungeon Crawl Stone Soup version 0.19-a0-1866-ge6f2195 (webtiles) character file.

128 JeffiDaFish the Sneak (level 4, 0/31 HPs)
             Began as a Vampire Enchanter on Oct 12, 2016.
             Slain by a hobgoblin
             ... wielding a +0 club
              (6 damage)
             ... on level 3 of the Dungeon.
             The game lasted 00:13:04 (1515 turns).

JeffiDaFish the Sneak (Vampire Enchanter)           Turns: 1515, Time: 00:13:04

Health: 0/31       AC:  4    Str:  6 (8)  XL:     4   Next: 87%
Magic:  14/16      EV: 16    Int: 17      God:
Gold:   146        SH:  0    Dex: 14      Spells: 3 memorised, 3 levels left

rFire  . . .     SeeInvis +     a - +1 dagger
rCold  . . .     Gourm    .     b - +2 robe
rNeg   + . .     Faith    .     (no shield)
rPois  .         Spirit   .     (no helmet)
rElec  .         Dismiss  .     (no cloak)
rCorr  .         Reflect  .     (no gloves)
MR     .....     Harm     .     (no boots)
Stlth  +++.......               (no amulet)
                                i - ring of magical power
                                g - +3 ring of evasion

@: very slightly contaminated
A: fangs 3, see invisible, unbreathing
a: Bat Form


You were on level 3 of the Dungeon.
You were not thirsty.

You visited 1 branch of the dungeon, and saw 3 of its levels.

You collected 146 gold pieces.

Inventory:

Hand Weapons
 a - a +1 dagger (weapon)
Armour
 b - a +2 robe (worn)
Jewellery
 g - a +3 ring of evasion (left hand)
 i - a ring of magical power (right hand)
Scrolls
 e - a scroll of identify
Potions
 d - 15 potions of blood
Books
 c - a book of Maledictions

   Spells                             Type                      Level
   a - Corona                         Hexes                        1
   b - Ensorcelled Hibernation        Hexes/Ice                    2
   c - Confuse                        Hexes                        3
   d - Tukima's Dance                 Hexes                        3
   e - Dazzling Spray                 Conjuration/Hexes            3
 h - a book of Cantrips

   Spells                             Type                      Level
   a - Confusing Touch                Hexes                        1
   b - Animate Skeleton               Necromancy                   1
   c - Summon Small Mammal            Summoning                    1
   d - Apportation                    Translocation                1


   Skills:
 + Level 0.8 Fighting
 + Level 2.0 Short Blades
 + Level 2.9 Dodging
 + Level 5.4 Stealth
 + Level 2.3 Spellcasting
 + Level 5.2 Hexes
 + Level 1.2 Necromancy
 + Level 1.1 Ice Magic


You had 3 spell levels left.
You knew the following spells:

 Your Spells              Type           Power        Failure   Level  Hunger
a - Corona                Hex            ###....      2%          1    #......
b - Ensorcelled Hibernat  Hex/Ice        ##....       10%         2    ##.....
c - Animate Skeleton      Necr           N/A          14%         1    #......


Dungeon Overview and Level Annotations

Branches:
Dungeon (3/15)

Altars:

Annotations:
D:3 Jessica


Innate Abilities, Weirdness & Mutations

You have razor-sharp teeth.
You have supernaturally acute eyesight. (SInv)
You can survive without breathing.


Message History

You start to feel less resistant.
A hobgoblin is nearby!
A hobgoblin is nearby!
Casting: Ensorcelled Hibernation
Confirm with . or Enter, or press ? or * to list all spells.
You don't know that spell.
Unknown command.
The hobgoblin misses you.
There is a stone staircase leading up here.
You closely miss the hobgoblin. The hobgoblin hits you with a club.
* * * LOW HITPOINT WARNING * * *
A hobgoblin comes into view. It is wielding a club.
Jessica shouts!
The hobgoblin shouts!
You hit the hobgoblin but do no damage.
Jessica casts a spell.
Jessica seems to speed up.
The hobgoblin hits you but does no damage.
Your resistance to elements expires.
The hobgoblin hits you with a club.
You die...

#. ..###.. ..
#...#... ?..
#.......
...###....... #
%........ .%
...... #### @..#
#..# ...# #...
#).####..?#
#....#..g@...>.#
#...g@.######....#
#...#.## ....#
....... ##..
##.#### . #


You could see Jessica and 2 hobgoblins.

Vanquished Creatures
  An ogre (D:3)
  An adder (D:2)
  A worm (D:2)
  A dart slug (D:1)
  A leopard gecko (D:1)
  A giant cockroach (D:1)
  4 goblins
  2 hobgoblins (D:1)
  5 bats
  A frilled lizard (D:2)
  5 kobolds
  7 rats
30 creatures vanquished.

Notes
Turn   | Place    | Note
-------+----------+-------------------------------------------
     0 | D:1      | JeffiDaFish the Vampire Enchanter began the quest for the Orb.
     0 | D:1      | Reached XP level 1. HP: 13/13 MP: 3/3
   218 | D:1      | Reached XP level 2. HP: 18/19 MP: 5/5
   225 | D:1      | Learned a level 2 spell: Ensorcelled Hibernation
   871 | D:2      | Learned a level 1 spell: Animate Skeleton
   912 | D:2      | Reached XP level 3. HP: 23/24 MP: 6/6
  1024 | D:2      | Reached skill level 5 in Stealth
  1367 | D:2      | Found a faded altar of an unknown god.
  1489 | D:3      | Noticed an ogre
  1497 | D:3      | Killed an ogre
  1497 | D:3      | Reached skill level 5 in Hexes
  1497 | D:3      | Reached skill level 1 in Necromancy
  1497 | D:3      | Reached skill level 1 in Ice Magic
  1497 | D:3      | Reached XP level 4. HP: 6/31 MP: 7/7
  1503 | D:3      | Noticed Jessica
  1515 | D:3      | Slain by a hobgoblin

Vault maps used:
D:1:      co_arrival_square_in_a_square_in_a_square
D:2:      ecumenical_altar_1
D:3:      minmay_misc_feat_columns, okawaru_ov_weapons_minmay, uniq_jessica

Skill      XL: |  1  2  3 |
---------------+----------+-----
Stealth        | 5 |  5.4
Short Blades   | 2 |  2.0
Hexes          | 5 |  5.2
Necromancy     | 1 |  1.2
Ice Magic      | 1 |  1.1
Fighting       | |  0.8
Dodging        | |  2.9
Spellcasting   | |  2.3

Action                   |  1- 3 |  4- 6 || total
-------------------------+-------+-------++-------
Melee: Dagger            |   117 |     2 ||   119
       Bite              |     1 |       ||     1
 Cast: Ensorcelled Hiber |     2 |       ||     2
  Use: Potion            |     8 |       ||     8
       Scroll            |     7 |       ||     7
 Stab: Sleeping          |    11 |       ||    11
Armor: Robe              |    33 |     1 ||    34
Dodge: Dodged            |   129 |     1 ||   130
